 Dungeon Crawl Stone Soup version 0.28-a0-674-gdaf460b524 (webtiles) character file.

Game seed: 1946310942820323013

147 blank1 the Skirmisher (level 5, -6/47 HPs)
             Began as a Minotaur Fighter on Oct 17, 2021.
             Mangled by bande's ghost (7 damage)
             ... on level 3 of the Dungeon.
             The game lasted 00:05:11 (2561 turns).

blank1 the Skirmisher (Minotaur Fighter)            Turns: 2561, Time: 00:05:12

Health: -6/47      AC: 11    Str: 21    XL:     5   Next: 8%
Magic:  4/4        EV:  6    Int:  5    God:
Gold:   148        SH:  4    Dex: 10    Spells: 4/4 levels left

rFire   + . .      SeeInvis .   a - +0 flail
rCold   + . .      Faith    .   c - +0 buckler
rNeg    . . .      Spirit   .   m - +0 plate armour
rPois   .          Reflect  .   (helmet restricted)
rElec   .          Harm     .   n - scarf {rC+ rF+}
rCorr   .          Rampage  .   (no gloves)
Will    .....                   (no boots)
Stlth   ..........              (no amulet)
HPRegen 0.15/turn               (no ring)
MPRegen 0.09/turn               (no ring)

@: no status effects
A: horns 2, retaliatory headbutt
a: no special abilities


You were on level 3 of the Dungeon.
You visited 1 branch of the dungeon, and saw 3 of its levels.

You collected 148 gold pieces.

Inventory:

Hand Weapons
 a - a +0 flail (weapon)
Armour
 c - a +0 buckler (worn)
 m - a +0 plate armour (worn)
 n - a scarf of resistance (worn)
Scrolls
 e - 3 scrolls of identify {unknown}
 g - 3 scrolls of blinking {unknown}
 i - 2 scrolls of fear {unknown}
 j - a scroll of magic mapping {unknown}
 l - a scroll of enchant armour {unknown}
 o - a scroll of brand weapon {unknown}
 p - a scroll of immolation {unknown}
Potions
 b - 2 potions of heal wounds {unknown}
 d - a potion of might
 f - 2 potions of cancellation {unknown}
 h - a potion of berserk rage {unknown}
 k - a potion of curing {unknown}


   Skills:
 + Level 4.6 Fighting
 + Level 4.6 Maces & Flails
 - Level 4.0 Armour
 + Level 1.9 Dodging
 - Level 4.0 Shields


You had 4 spell levels left.
You didn't know any spells.
Your spell library contained the following spells:

 Spells                   Type           Power      Damage    Failure   Level
 Ignite Poison            Fire/Tmut/Pois 0%         N/A       100%        3
 Mephitic Cloud           Conj/Pois/Air  0%         N/A       100%        3
 Portal Projectile        Hex/Tloc       0%         N/A       100%        3
 Stone Arrow              Conj/Erth      0%         3d7       100%        3
 Animate Armour           Summ/Erth      0%         N/A       100%        4
 Blade Hands              Tmut           0%         N/A       100%        5
 Excruciating Wounds      Necr           0%         N/A       100%        5
 Freezing Cloud           Conj/Ice/Air   0%         6-21      100%        5
 Lehudib's Crystal Spear  Conj/Erth      0%         10d2      100%        8


Dungeon Overview and Level Annotations

Branches:
Dungeon (3/15)

Altars:
Trog

Shops:
D:1 =   D:2 [

Annotations:
D:3 1 transporter, bande's ghost, amateur GrFi


Innate Abilities, Weirdness & Mutations

You have a pair of horns on your head.
You reflexively headbutt those who attack you in melee.


Message History

Bande's ghost is heavily damaged.
You block bande's ghost's attack.
You completely miss bande's ghost.
Bande's ghost is heavily damaged.
You block bande's ghost's attack.
You barely miss bande's ghost.
Bande's ghost is heavily damaged.
Bande's ghost hits you!
Bande's ghost hits you but does no damage.
You hit bande's ghost but do no damage.
Bande's ghost is heavily damaged.
Bande's ghost hits you but does no damage.
You hit bande's ghost. You headbutt bande's ghost.
Bande's ghost is severely damaged.
Bande's ghost hits you!
You hit bande's ghost.
You headbutt bande's ghost, but do no damage.
Bande's ghost is severely damaged.
Bande's ghost hits you but does no damage.
You barely miss bande's ghost.
Bande's ghost is severely damaged.
Bande's ghost hits you but does no damage.
You hit bande's ghost but do no damage.
You headbutt bande's ghost, but do no damage.
Bande's ghost is severely damaged.
Bande's ghost hits you!
* * * LOW HITPOINT WARNING * * *
You hit bande's ghost but do no damage.
You headbutt bande's ghost, but do no damage.
Bande's ghost is severely damaged.
Bande's ghost hits you!
* * * LOW HITPOINT WARNING * * *
Bande's ghost hits you but does no damage.
You barely miss bande's ghost.
Bande's ghost is severely damaged.
You block bande's ghost's attack.
You hit bande's ghost but do no damage.
Bande's ghost is severely damaged.
Bande's ghost hits you!
You die...

#.# #.................#
#.# #.#
#........©........# #.#
#.# #..#############..#
#.# ###
#..#....($$....#..## #.#
## #..#....?......#...#
#.# §#
#..#(.##.(.##..#...# #.#
§## #..#..#8...8#..#..[#
#.# ≈⌠#
#..#..##...##..#...# #.#
≈## #..#.....©ZW@..#...#
#.# ≈⌠#
#..#..##..Z##..#...# #.#
≈## #..#..#8...8#..#...#
#.# ≈#
#..#..##..Z##..#...####.#
##
#..#...........#........#
###
#..#..........©#...######
#.###..#############..##
...##........©........#
......)...............#


You could see bande's ghost and 2 wyvern skeletons.

Vanquished Creatures
  An iguana (D:3)
  5 adders
  4 worms
  A dart slug (D:1)
  5 ball pythons
  4 bats
  12 endoplasms
  2 giant cockroaches (D:1)
  5 hobgoblins
  3 jackals (D:2)
  A quokka (D:1)
  5 goblins
  5 kobolds
  10 rats
63 creatures vanquished.

Notes
Turn   | Place    | Note
-------+----------+-------------------------------------------
     0 | D:1      | blank1 the Minotaur Fighter began the quest for the Orb.
     0 | D:1      | Reached XP level 1. HP: 19/19 MP: 0/0
   196 | D:1      | Reached XP level 2. HP: 27/27 MP: 1/1
   347 | D:1      | Found Subladgh's Jewellery Boutique.
   352 | D:1      | Found a faded altar of an unknown god.
   777 | D:2      | Reached XP level 3. HP: 32/33 MP: 2/2
   950 | D:2      | Found Enomit's Armour Boutique.
  1015 | D:2      | Reached XP level 4. HP: 40/40 MP: 3/3
  1055 | D:2      | Reached skill level 1 in Dodging
  2137 | D:3      | Reached XP level 5. HP: 41/47 MP: 4/4
  2180 | D:3      | Found a transporter.
  2181 | D:3      | Noticed bande's ghost (amateur GrFi)
  2186 | D:3      | Found a transporter.
  2352 | D:3      | Found a bloodstained altar of Trog.
  2559 | D:3      | HP: 1/47 [bande's ghost (10)]
  2561 | D:3      | Mangled by bande's ghost

Illustrated notes

Levels and vault maps discovered:
D:1:      zaba_arrival_water, layout_basic, serial_shops, shop, serial_curves,
          eino_curves_01, eino_curves_02, basic_ecumenical_altar
D:2:      minmay_thinvault, layout_loops_cross, serial_shops,
          nicolae_shop_window_shopping, minmay_indecisive_spiral
D:3:      layout_loops_ring, lightli_temple_of_fire, gammafunk_ghost_mausoleum

Skill      XL: |  1  2  3  4 |
---------------+-------------+-----
Armour         | 4 |  4.0
Shields        | 4 |  4.0
Fighting       | 4 |  4.6
Maces & Flails | 3 4 |  4.6
Dodging        | 1 |  1.9

Action                   |  1- 3 |  4- 6 || total
-------------------------+-------+-------++-------
Melee: Flail             |    68 |    75 ||   143
       Headbutt          |    10 |    20 ||    30
Armor: Scale mail        |    24 |     6 ||    30
       Plate armour      |       |    27 ||    27
Dodge: Dodged            |    27 |    11 ||    38
Block: Buckler           |    10 |    12 ||    22

Table legend: (Time is in decaauts)
 A = Elapsed time spent in this place.
 B = Non-inter-level travel time spent in this place.
 C = Inter-level travel time spent in this place.
 D = Time resting spent in this place.
 E = Time spent auto-exploring this place.
 F = Levels seen in this place.
 G = Mean time per level.
                   A        B        C        D        E       F      G
               +--------+--------+--------+--------+--------+-----+--------+
         Total |   2597 |   2452 |    145 |    101 |   1949 |   3 |  865.7 |
       Dungeon |   2597 |   2452 |    145 |    101 |   1949 |   3 |  865.7 |
               +--------+--------+--------+--------+--------+-----+--------+

Top non-repeatable levels by time:
     D:2: 998 daAuts
     D:3: 854 daAuts
     D:1: 744 daAuts
